 Dungeon Crawl Stone Soup version 0.16.1-11-g651b585 (webtiles) character file.

12939 jacksonaction the Nimble (level 12, -14/72 HPs)
             Began as an Octopode Fighter on Apr 6, 2015.
             Was an Elder of Okawaru.
             Demolished by an orc warlord
             ... wielding a +0 great sword
              (34 damage)
             ... on level 4 of the Orcish Mines.
             The game lasted 01:50:18 (14410 turns).

jacksonaction the Nimble (Octopode Fighter)        Turns: 14410, Time: 01:50:19

Health: -14/72     AC:  6    Str: 16    XL:     12   Next: 0%
Magic:  32/32      EV: 25    Int: 11    God:    Okawaru [****..]
Gold:   146        SH: 13    Dex: 15    Spells: 1 memorised, 10 levels left

rFire  . . .     SeeInvis .     F - +5 flail (protect)
rCold  + . .     Clarity  .     c - +0 shield
rNeg   . . .     SustAb   .     (helmet restricted)
rPois  +         Gourm    .     A - amulet of regeneration
rElec  .         Spirit   .     b - ring of wizardry
rCorr  .         Warding  .     o - +4 ring of evasion
rMut   .         Stasis   .     N - ring of stealth
MR     .....                    Z - ring of magical power
Stlth  ++++++....               u - ring of invisibility
                                a - ring of poison resistance
                                h - ring of protection from cold
                                (no ring)

@: heroism, hasted, very quick, not resistant to hostile enchantments, very
stealthy
A: almost no armour, amphibious, 8 rings, constrict 8, camouflage 1, gelatinous
body 1
a: Heroism, Renounce Religion, Evoke Invisibility


You were on level 4 of the Orcish Mines.
You worshipped Okawaru.
Okawaru was greatly pleased with you.
You were not hungry.

You visited 3 branches of the dungeon, and saw 15 of its levels.
You visited 1 bazaar.
You also visited: Ossuary.

You collected 1354 gold pieces.
You spent 1208 gold pieces at shops.

Inventory:

Hand weapons
 F - a +5 flail of protection (weapon)
 I - a +0 blowgun
Missiles
 i - 22 tomahawks
 y - 98 poisoned needles
 z - 3 silver tomahawks
 V - a tomahawk of returning (quivered)
Armour
 c - a +0 shield (worn)
Jewellery
 a - a ring of poison resistance (on tentacle)
 b - a ring of wizardry (left tentacle)
 h - a ring of protection from cold (on tentacle)
 o - a +4 ring of evasion (right tentacle)
 u - a ring of invisibility (on tentacle)
 A - an amulet of regeneration (around mantle)
 N - a ring of stealth (on tentacle)
 Z - a ring of magical power (on tentacle)
Magical devices
 D - a wand of frost (19)
 M - a wand of magic darts (11)
 P - a wand of frost (20)
Scrolls
 f - 4 scrolls of remove curse
 g - a scroll of identify
 l - 6 scrolls of fog
 m - 3 scrolls of enchant weapon
 q - a scroll of holy word {unknown}
 x - 4 scrolls of teleportation
 C - 2 scrolls of fear
 J - 3 scrolls of magic mapping
 K - 5 scrolls of recharging
 Q - a scroll of acquirement
 T - a scroll of enchant armour {unknown}
Potions
 e - 5 potions of might
 j - 3 potions of restore abilities
 k - 4 potions of haste
 p - 2 potions of beneficial mutation
 r - 4 potions of heal wounds
 s - 4 potions of curing
 t - 3 potions of resistance
 v - a potion of lignification {unknown}
 w - a potion of poison {unknown}
 G - 2 potions of magic
 L - a potion of cancellation {unknown}
 O - 2 potions of invisibility
 R - a potion of berserk rage {unknown}
 W - a potion of agility
Books
 n - a book of Changes

   Spells                             Type                      Level
   a - Beastly Appendage              Transmutation                1
   b - Sticks to Snakes               Transmutation                2
   c - Spider Form                    Transmutation/Poison         3
   d - Ice Form                       Ice/Transmutation            4
   e - Blade Hands                    Transmutation                5
Comestibles
 d - 8 bread rations
 B - 29 fruits
 E - 4 slices of pizza
 H - a royal jelly
 S - a chunk of flesh
 U - 3 meat rations
 Y - 2 beef jerkies


   Skills:
 - Level 3.0(8.0) Fighting
 - Level 8.3(13.3) Maces & Flails
   Level 5.0(10.0) Polearms
 + Level 9.6(14.6) Dodging
 - Level 2.0(7.0) Stealth
 - Level 8.0(13.0) Shields
 - Level 6.1 Transmutations
 - Level 7.0 Invocations
 - Level 8.2 Evocations


You had 10 spell levels left.
You knew the following spells:

 Your Spells              Type           Power        Failure   Level  Hunger
a - Beastly Appendage     Trmt           ##....       1%          1    ##.....


Dungeon Overview and Level Annotations

Branches:
Dungeon (10/15)            Temple (1/1) D:4             Orc (4/4) D:10
   Lair: D:8-11         Elf: Orc:3-4

Altars:
Ashenzari
Cheibriados
Dithmenos
Elyvilon
Fedhas
Gozag
Kikubaaqudgha
Makhleb
Nemelex Xobeh
Okawaru
Qazlal
Ru
Sif Muna
Trog
Vehumet
Xom
Yredelemnul
Zin
The Shining One
Beogh

Shops:
Orc:3 *   Orc:4 *


Innate Abilities, Weirdness & Mutations

You cannot wear most types of armour.
You are amphibious.
You can wear up to eight rings at the same time.
You can use your tentacles to constrict many enemies at once.
Your skin changes colour to match your surroundings (Stealth).
Your rubbery body absorbs attacks (AC +1).


Message History

The puff of flame hits the orc warrior.
An orc wizard comes into view. It is wielding a dagger.
An orc wizard appears from thin air!
Reactivating autopickup.
The orc wizard moves out of view.
The orc warlord roars a battlecry!
The orcs go into a battle-frenzy!
The orc priest calls upon Beogh to heal the orc warlord.
The orc warlord is healed somewhat.
The orc shouts!
The orc priest calls down the wrath of Beogh upon you.
Something smites you!
The orc priest mumbles some strange prayers to Beogh against you.
Something smites you!
* * * LOW HITPOINT WARNING * * *
The orc priest becomes somewhat translucent.
Drink which item? (? for menu, Esc to quit)
You feel yourself speed up.
The orc warlord hits you with a great sword!!
You die...

####...........................
o##8.#...o.........##..#.........
.....'.8................#........
.....'.....o.....................
.....'.8...#.o..........#########
##8.#..................# #
####........o.o.......# #
#[.).......o........# #
##.........o.@.......# #
####....................# #
...O.(#......#..........# +
..................#.....# #
.................[......#########
.................................
..#).#.##........<...............
..#)...................#.....#...
..)....#............[............


You could see an orc warlord, an orc warrior (frenzied), 2 orc priests, an orc
wizard (frenzied) and an orc (frenzied).

Vanquished Creatures
  Erica (D:10)
  An orc high priest (Orc:4)
  Nergalle (Orc:4)
  Erolcha (D:10)
  An orc sorcerer (Orc:4)
  A raven (D:8)
  2 deep elf magi (D:9)
  A wraith (D:10)
  A wyvern (D:10)
  A hippogriff (D:6)
  A hungry ghost (D:6)
  Edmund (D:4)
  A warg (D:10)
  6 ice beasts
  13 orc warriors
  9 ogres
  2 black bears
  2 phantoms
  4 sky beasts
  6 centaurs
  Sigmund (D:5)
  Duvessa (D:4)
  A big kobold (D:8)
  10 giant frogs
  2 gnoll sergeants (D:8)
  2 scorpions
  6 killer bees (D:9)
  13 wights
  5 bog bodies (Ossuary)
  3 goliath beetles
  3 crimson imps
  2 giant frog zombies
  8 hounds
  Dowan (D:4)
  17 orc priests
  A centaur skeleton (D:10)
  5 jellies
  A wasp zombie (Ossuary)
  3 centaur zombies (Ossuary)
  An iguana (D:10)
  15 worker ants
  24 orc wizards
  3 killer bee zombies
  2 hound skeletons
  9 mummies
  Robin (D:4)
  2 worker ant zombies
  11 gnolls (D:8)
  4 shadow imps
  6 adders
  2 worms
  An adder zombie (Ossuary)
  3 adder skeletons
  3 giant geckos
  An ooze (D:1)
  121 orcs
  2 bat skeletons
  4 bat zombies (Ossuary)
  25 hobgoblins
  15 jackals
  6 quokkas
  A ball python (D:3)
  15 bats
  9 giant cockroaches
  3 giant gecko zombies (Ossuary)
  8 giant newts
  A giant spore (D:10)
  27 goblins
  A hobgoblin zombie (D:8)
  2 jackal zombies (Ossuary)
  12 kobolds
  A kobold zombie (D:8)
  A quokka skeleton (D:5)
  14 rats
  2 ballistomycetes (D:10)
499 creatures vanquished.

Vanquished Creatures (others)
  An orc (Orc:4)
1 creature vanquished.

Grand Total: 500 creatures vanquished

Notes
Turn   | Place    | Note
--------------------------------------------------------------
     0 | D:1      | jacksonaction, the Octopode Fighter, began the quest for the Orb.
     0 | D:1      | Reached XP level 1. HP: 16/16 MP: 1/1
    77 | D:1      | Reached XP level 2. HP: 21/21 MP: 2/2
   650 | D:1      | Reached XP level 3. HP: 24/26 MP: 3/3
  1262 | D:2      | Noticed an angel
  1263 | D:2      | Found a glowing silver altar of Zin.
  1611 | D:3      | Reached skill level 4 in Polearms
  1611 | D:3      | Reached XP level 4. HP: 31/31 MP: 4/4
  1966 | D:3      | Reached skill level 5 in Polearms
  1966 | D:3      | Reached XP level 5. HP: 36/36 MP: 5/5
  2182 | D:3      | Reached skill level 1 in Stealth
  2457 | D:4      | Noticed Robin
  2496 | D:4      | Killed Robin
  2765 | D:4      | Found a staircase to the Ecumenical Temple.
  2772 | Temple   | Entered the Ecumenical Temple
  2875 | Temple   | Became a worshipper of Warmaster Okawaru
  2935 | D:4      | Noticed Edmund
  2951 | D:4      | Killed Edmund
  2951 | D:4      | Reached skill level 5 in Dodging
  2951 | D:4      | Reached XP level 6. HP: 25/42 MP: 6/6
  3352 | D:4      | Noticed Duvessa
  3352 | D:4      | Noticed Dowan
  3364 | D:4      | Killed Dowan
  3364 | D:4      | Acquired Okawaru's first power
  3364 | D:4      | Reached skill level 1 in Maces & Flails
  3385 | D:4      | Killed Duvessa
  3385 | D:4      | Reached XP level 7. HP: 4/46 MP: 7/7
  3826 | D:4      | Reached skill level 1 in Invocations
  3930 | D:4      | Noticed a phantom
  4214 | D:5      | Entered Level 5 of the Dungeon
  4271 | D:5      | Reached skill level 5 in Invocations
  4271 | D:5      | Reached XP level 8. HP: 35/52 MP: 12/15
  4630 | D:5      | Reached skill level 6 in Invocations
  4936 | D:5      | Learned a level 1 spell: Beastly Appendage
  4941 | D:5      | Noticed Sigmund
  4967 | D:5      | Killed Sigmund
  4967 | D:5      | Reached skill level 1 in Transmutations
  5949 | D:6      | Reached XP level 9. HP: 56/56 MP: 14/18
  5952 | D:6      | Reached skill level 5 in Maces & Flails
  6021 | D:6      | Found Araylama's Magic Scroll Emporium.
  6106 | D:6      | Bought a scroll of amnesia for 38 gold pieces
  6106 | D:6      | Bought 3 scrolls of identify for 66 gold pieces
  6106 | D:6      | Bought a scroll of remove curse for 33 gold pieces
  6106 | D:6      | Bought a scroll of vulnerability for 82 gold pieces
  6106 | D:6      | Bought a scroll of identify for 22 gold pieces
  6312 | D:6      | Reached skill level 7 in Maces & Flails
  6433 | D:6      | You fall through a shaft for 3 floors!
  6698 | D:9      | Reached skill level 5 in Transmutations
  6810 | D:9      | Reached XP level 10. HP: 15/63 MP: 20/20
  7131 | D:9      | Reached skill level 5 in Shields
  8461 | D:8      | Reached skill level 8 in Shields
  8757 | D:8      | Found a sand-covered staircase.
  8872 | Ossuary  | Entered an ossuary
  9380 | D:8      | Reached skill level 1 in Evocations
  9541 | D:8      | Reached XP level 11. HP: 42/67 MP: 21/21
 10761 | D:6      | Bought a scroll of identify for 22 gold pieces
 10761 | D:6      | Bought a scroll of identify for 22 gold pieces
 10761 | D:6      | Bought a scroll of identify for 22 gold pieces
 10761 | D:6      | Bought a scroll of identify for 22 gold pieces
 10906 | D:10     | Entered Level 10 of the Dungeon
 11040 | D:9      | Reached skill level 5 in Evocations
 11295 | D:10     | Found a staircase to the Orcish Mines.
 11575 | D:10     | Noticed Erolcha
 11616 | D:10     | Killed Erolcha
 11687 | D:10     | Noticed Erica
 11717 | D:10     | Killed Erica
 12224 | Orc:1    | Entered Level 1 of the Orcish Mines
 13338 | Orc:3    | Found Araehas' General Store.
 13344 | Orc:3    | Bought a potion of heal wounds for 65 gold pieces
 13417 | Orc:4    | Entered Level 4 of the Orcish Mines
 13468 | Orc:4    | Noticed Nergalle
 13487 | Orc:4    | Killed Nergalle
 13565 | Orc:4    | Found a flickering gateway to a bazaar.
 13577 | Bazaar   | Entered a bazaar
 13579 | Bazaar   | Found Waleagit's General Store.
 13583 | Bazaar   | Found Ufaloga's Jewellery Shoppe.
 13590 | Bazaar   | Found Dupliev's Distillery.
 13598 | Bazaar   | Found Smookkaf's Assorted Antiques.
 13602 | Bazaar   | Found Pyommywka's Magic Scroll Shop.
 13656 | Bazaar   | Bought a potion of might for 44 gold pieces
 13661 | Bazaar   | Bought an uncursed ring of poison resistance for 140 gold pieces
 13668 | Bazaar   | Bought a potion of curing for 39 gold pieces
 13668 | Bazaar   | Bought a potion of heal wounds for 65 gold pieces
 13708 | Bazaar   | Bought an uncursed ring of protection from cold for 175 gold pieces
 13723 | Bazaar   | Bought a scroll labeled KULUET IGRODYI for 23 gold pieces
 13728 | Bazaar   | Bought a scroll of identify for 32 gold pieces
 13728 | Bazaar   | Bought a scroll of recharging for 152 gold pieces
 13729 | Bazaar   | Identified a scroll of acquirement
 13932 | Orc:4    | Reached skill level 9 in Dodging
 14078 | Orc:4    | Found a roughly hewn altar of Beogh.
 14082 | Orc:4    | Found Gam Xaafeed's General Store.
 14082 | Orc:4    | Noticed an orc high priest
 14092 | Orc:4    | Noticed a soul eater
 14198 | Orc:4    | Killed an orc high priest
 14213 | Orc:4    | Bought a potion of might for 72 gold pieces
 14213 | Orc:4    | Bought a potion of agility for 72 gold pieces
 14332 | Orc:4    | Noticed an orc warlord
 14385 | Orc:4    | Reached XP level 12. HP: 72/72 MP: 23/23
 14410 | Orc:4    | Demolished by an orc warlord

Action                   |  1- 3 |  4- 6 |  7- 9 | 10-12 || total
-------------------------+-------+-------+-------+-------++-------
Melee: Trident           |    78 |    99 |       |       ||   177
       Flail             |       |    14 |   260 |   694 ||   968
 Fire: Hunting sling     |    11 |    37 |       |       ||    48
       Blowgun           |       |       |    17 |    15 ||    32
Throw: Tomahawk          |       |       |    49 |    55 ||   104
       Javelin           |       |       |    17 |    42 ||    59
 Cast: Beastly Appendage |       |       |     6 |    16 ||    22
Invok: Heroism           |       |       |     9 |    31 ||    40
  Use: Scroll            |       |     1 |     5 |    20 ||    26
       Potion            |       |       |     2 |     1 ||     3
 Stab: Sleeping          |     5 |     4 |     5 |    14 ||    28
       Distracted        |       |     1 |     1 |     3 ||     5
  Eat: Chunk             |     2 |     6 |    13 |    28 ||    49
       Beef jerky        |       |       |       |     1 ||     1
